 Dungeon Crawl Stone Soup version 0.27-a0-1200-g94dc6ad4cf (webtiles) character file.

Game seed: 10094553992750277531

92427 Glokmah the Spear-Bearer (level 16, -9/118 HPs)
             Began as a Barachi Conjurer on May 29, 2021.
             Was the Champion of Hepliaklqana.
             Mangled by a skeletal warrior
             ... wielding a +0 glaive
              (11 damage)
             ... on level 14 of the Dungeon on May 30, 2021.
             The game lasted 01:36:33 (26897 turns).

Glokmah the Spear-Bearer (Barachi Conjurer)        Turns: 26897, Time: 01:36:33

Health: -9/118     AC: 18    Str: 15    XL:     16   Next: 6%
Magic:  18/39      EV: 17    Int: 32    God:    Hepliaklqana [******]
Gold:   1730       SH:  0    Dex: 13    Spells: 2/36 levels left

rFire    + + .     SeeInvis +   b - staff of conjuration
rCold    + + +     Faith    .   (no shield)
rNeg     + . .     Spirit   .   u - +6 leather armour of the Ancient Tables {rElec rF+ Int+3}
rPois    +         Reflect  .   Z - +2 hat {Stlth+}
rElec    +         Harm     .   N - +0 cloak "Vopt" {rPois rN+ Str+4}
rCorr    .         Rampage  .   r - +2 pair of gloves {archery}
Will     +....                  w - +1 pair of boots
Stlth    +++.......             M - amulet "Ceshiegu" {RegenMP *Slow rC+++ Int+5 SInv}
HPRegen  0.29/turn              I - ring of magical power
MPRegen  0.51/turn              F - ring of Edeu {rF+ EV+4 Str+3}

@: unable to hop, slow
A: reduced essence, amphibious, slowness 1, strong legs 2, +LOS
a: Hop, Renounce Religion, Recall Ancestor, Ancestor Identity, Transference,
Idealise


You were on level 14 of the Dungeon.
You worshipped Hepliaklqana.
Hepliaklqana was exalted by your worship.
You visited 3 branches of the dungeon, and saw 22 of its levels.
You also visited: Gauntlet.

You collected 2129 gold pieces.
You spent 399 gold pieces at shops.

Inventory:

Hand Weapons
 a - the +5 scythe "Finisher" {speed, eviscerate}
   (You found it on level 4 of the Dungeon)

   Attacks with this weapon are significantly faster.
 c - a +6 halberd of flaming
 P - the +5 longbow of Wuofonya {venom, rPois MP-9 Dex+6}
   (You found it in a Gauntlet)

   It poisons the ammo it fires.
   It affects your dexterity (+6).
   It protects you from poison.
   It affects your magic capacity (-9).
Missiles
 n - 50 poisoned darts
 o - 7 curare-tipped darts
 s - 4 throwing nets
 Q - 9 javelins
 S - 429 stones
 X - 4 silver javelins
Armour
 r - a +2 pair of gloves of archery (worn)
 u - the +6 leather armour of the Ancient Tables (worn) {rElec rF+ Int+3}
   (You found it on level 5 of the Dungeon)

   It affects your intelligence (+3).
   It protects you from fire.
   It insulates you from electricity.
 w - a +1 pair of boots (worn)
 N - the +0 cloak "Vopt" (worn) {rPois rN+ Str+4}
   (You found it in a Gauntlet)

   It affects your strength (+4).
   It protects you from poison.
   It protects you from negative energy.
 Z - a +2 hat of stealth (worn)
Magical Staves
 b - a staff of conjuration (weapon)
Jewellery
 z - a ring of positive energy
 D - an amulet of reflection
 F - the ring of Edeu (right hand) {rF+ EV+4 Str+3}
   (You took it off a minotaur in a Gauntlet)

   [ring of evasion]

   It affects your evasion (+4).
   It affects your strength (+3).
   It protects you from fire.
 H - a ring of resist corrosion
 I - a ring of magical power (left hand)
 K - a ring of protection from fire
 M - the amulet "Ceshiegu" (around neck) {RegenMP *Slow rC+++ Int+5 SInv}
   (You acquired it on level 1 of the Lair of Beasts)

   [amulet of magic regeneration]

   It increases your rate of magic regeneration.
   It affects your intelligence (+5).
   It renders you almost immune to cold.
   It lets you see invisible.
   It may slow you when you take damage.
 R - a ring of flight
Wands
 l - a wand of mindburst (11)
 x - a wand of iceblast (13)
 y - a wand of acid (27)
 B - a wand of polymorph (16)
 J - a wand of flame (14)
 T - a wand of digging (10)
Scrolls
 e - 2 scrolls of fear
 p - 3 scrolls of holy word
 t - a scroll of brand weapon
 v - 6 scrolls of amnesia
 C - 6 scrolls of teleportation
 G - 2 scrolls of fog
 O - 3 scrolls of immolation
 W - 2 scrolls of identify
Potions
 d - 5 potions of curing
 f - 2 potions of mutation
 g - 4 potions of ambrosia
 h - 3 potions of berserk rage
 i - 2 potions of brilliance
 j - a potion of invisibility
 k - a potion of lignification
 m - 3 potions of degeneration
 q - 8 potions of heal wounds
 A - a potion of magic
 L - 3 potions of attraction
 V - a potion of haste
 Y - 2 potions of cancellation
Miscellaneous
 E - a phantom mirror


   Skills:
 + Level 13.6 Fighting
 - Level 14.1 Polearms
 - Level 4.0 Armour
 - Level 4.0 Dodging
 - Level 1.7 Stealth
 + Level 10.5 Spellcasting
 * Level 13.9 Conjurations
 - Level 7.1 Hexes
 * Level 8.6 Summonings
 - Level 6.2 Translocations
 - Level 7.0 Invocations


You had 2 spell levels left.
You knew the following spells:

 Your Spells              Type           Power      Damage    Failure   Level
a - Magic Dart            Conj           100%       1d8       0%          1
b - Searing Ray           Conj           100%       3d7       1%          2
c - Fulminant Prism       Conj/Hex       45%        3d21      1%          4
d - Iskenderun's Mystic   Conj/Tloc      89%        2d17      1%          4
e - Dazzling Flash        Conj/Hex       100%       N/A       1%          3
f - Iskenderun's Battles  Conj           100%       2d15      1%          5
g - Orb of Destruction    Conj           51%        9d16      10%         7
h - Spellforged Servitor  Conj/Summ      46%        N/A       30%         7
i - Apportation           Tloc           100%       N/A       1%          1

Your spell library contained the following spells:

 Spells                   Type           Power      Damage    Failure   Level
 Corona                   Hex            64%        N/A       1%          1
 Shock                    Conj/Air       100%       1d9       1%          1
 Summon Small Mammal      Summ           100%       N/A       1%          1
 Ensorcelled Hibernation  Hex/Ice        78%        N/A       1%          2
 Static Discharge         Conj/Air       75%        N/A       1%          2
 Animate Skeleton         Necr           32%        N/A       3%          1
 Sandblast                Erth           32%        2d9       3%          1
 Passwall                 Tmut/Erth      13%        N/A       5%          2
 Stone Arrow              Conj/Erth      100%       3d13      1%          3
 Lightning Bolt           Conj/Air       37%        1d56      5%          5
 Animate Armour           Summ/Erth      88%        N/A       6%          4
 Swiftness                Air            16%        N/A       11%         3
 Bolt of Magma            Conj/Fire/Erth 31%        4d14      14%         5
 Shadow Creatures         Summ           N/A        N/A       16%         6
 Silence                  Hex/Air        19%        N/A       22%         5
 Iron Shot                Conj/Erth      37%        9d7       30%         6
 Airstrike                Air            8%         N/A       34%         4
 Animate Dead             Necr           8%         N/A       34%         4
 Petrify                  Tmut/Erth      16%        N/A       34%         4
 Borgnjor's Vile Clutch   Necr/Erth      8%         N/A       69%         5
 Lee's Rapid Deconstruct  Erth           8%         3d8*      69%         5
 Death Channel            Necr           8%         N/A       99%         6
 Simulacrum               Ice/Necr       8%         N/A       99%         6


Dungeon Overview and Level Annotations

Branches:
Dungeon (14/15)            Temple (0/1) D:5            Lair (6/6) D:8
  Swamp (0/4) Lair:3        Snake (0/4) Lair:4        Slime (0/5) Lair:5
    Orc (2/2) D:11            Elf (0/3) Orc:2        Vaults (0/5) D:13
Gauntlet (visited)

Altars:
Hepliaklqana
Nemelex Xobeh
Xom
Zin
The Shining One
Beogh
Jiyva

Shops:
D:10 *[   D:11 :   Orc:1 ?   Orc:2 :!?**:


Innate Abilities, Weirdness & Mutations

Your life essence is reduced to manifest your ancestor. (-10% HP)
You are amphibious.
You cover ground slowly.
You can hop long distances.
You have an extended range of vision and can be seen from far away.


Message History

The centaur shoots an arrow.
The arrow misses you.
The efreet hits your spellforged servitor with a +2 scimitar of flaming!
The efreet burns your spellforged servitor.
The centaur shoots an arrow.
The arrow barely misses your spellforged servitor.
The arrow hits you but does no damage.
The gnoll hits Anedjib with a +0 hand axe.
Casting: Spellforged Servitor (quite dangerous; 30% risk of failure)
Confirm with . or Enter, or press ? or * to list all spells.
You feel a surge of power!
The centaur is dazzled.
The centaur warrior shoots an arrow.
The arrow hits you but does no damage. The boulder beetle closely misses you.
The centaur shoots an arrow.
The arrow hits your spellforged servitor.
A skeletal warrior comes into view. It is wielding a +0 long sword.
The efreet hits your spellforged servitor with a +2 scimitar of flaming.
Anedjib hits the gnoll with a +0 dagger of draining.
Anedjib drains the gnoll.
The centaur shoots an arrow.
The arrow hits the boulder beetle but does no damage.
The centaur warrior shoots an arrow.
The arrow misses you.
The gnoll barely misses Anedjib.
The centaur unwields a +0 shortbow.
The centaur barely misses you.
The centaur kicks you but does no damage.
The boulder beetle bites you!!
* * * LOW HITPOINT WARNING * * *
The centaur warrior shoots an arrow.
The arrow hits your spellforged servitor!!
Your spellforged servitor is destroyed!
The skeletal warrior closely misses you.
Anedjib casts a spell at the gnoll.
The gnoll suddenly stops moving!
The orc hits Anedjib but does no damage.
The boulder beetle leaps!
Casting: Dazzling Flash (safe; 1% risk of failure)
Confirm with . or Enter, or press ? or * to list all spells.
You feel a surge of power!
The centaur is dazzled. x2
The centaur warrior shoots an arrow.
The arrow hits you!
* * * LOW HITPOINT WARNING * * *
The centaur shoots an arrow.
The arrow completely misses you.
The skeletal warrior hits you from afar with a +0 glaive!
You die...

#.........#**## *,,,,
##.....#...###.## ***,,
#......#....#...## *,..
##................###...
#.......#........##.#...
##.......................
#...............$........
*##...........cg.........
###......@°.○R.Ro.$...≈≈≈≈
*#....<.).c..c.#)......≈#**
#...#...z....##........≈# *
##......#....###....$?.≈#*
##.....#.....#○..)....≈.#
**#................#...)≈.#
***,#..Bz............###).≈.#
*,,...................**.#≈.#
**,........#......./.##,.#≈.#


You could see the friendly Anedjib the hexer, a boulder beetle, 2 skeletal
warriors, a centaur warrior, an efreet, 2 centaurs, a gnoll (paralysed, drained,
ally target) and an orc.

Vanquished Creatures
  Nessos (D:12)
  The ghost of Waosu the Protected, a journeyman DsVM of Ashenzari (Lair:4)
  Azrael (Orc:2)
  A minotaur (Gauntlet)
  An ettin (Orc:1)
  3 boulder beetles
  12 hydras
  Harold (D:9)
  3 catoblepae (Lair:6)
  2 two-headed ogres
  A centaur warrior (D:9)
  A death knight (D:13)
  A tengu warrior (D:13)
  8 death yaks (Lair:6)
  4 orc high priests (Orc:2)
  Sonja (Lair:1)
  A skeletal warrior (D:13)
  5 slime creatures
  4 orc knights
  A necromancer (D:13)
  Pikel (D:8)
  A deep elf pyromancer (D:13)
  2 orc sorcerers (Orc:1)
  2 manticores (Lair:6)
  5 centaur zombies
  9 elephants
  A guardian serpent (Lair:4)
  3 black mambas
  12 cane toads
  A torpor snail (Lair:6)
  A gargoyle (D:11)
  5 rime drakes
  Psyche (D:8)
  9 komodo dragons
  An efreet (Gauntlet)
  A freezing wraith (D:13)
  A kobold demonologist (D:11)
  2 polar bears
  7 trolls
  A tyrant leech (Lair:3)
  A meliai zombie (D:10)
  11 dream sheep
  17 blink frogs
  2 shadows
  A vampire (D:13)
  A water elemental (D:13)
  Sigmund (D:4)
  A wraith (D:13)
  9 wyverns
  4 fire elementals
  63 yaks
  5 basilisks (Lair:6)
  A steam dragon (D:7)
  3 vampire mosquitoes
  A swamp worm (Lair:3)
  An acid dragon (D:7)
  A warg (Orc:2)
  12 water moccasins
  5 hell hounds
  27 orc warriors
  A black bear (D:7)
  2 ice beasts
  A hornet zombie (D:7)
  5 ogres
  7 necrophages
  21 wolves
  10 centaurs
  2 lemures (D:8)
  A kobold brigand (D:7)
  A wyvern zombie (D:7)
  10 bullfrogs
  3 scorpions
  A wyvern skeleton (D:6)
  8 killer bees
  17 wights
  A bullfrog zombie (D:7)
  4 jellies
  2 hounds
  A gnoll shaman (D:4)
  25 orc priests
  2 iguanas
  4 hexers
  14 orc wizards
  6 hell rats
  3 killer bee zombies (D:7)
  2 human simulacra (D:11)
  A mummy (D:7)
  A howler monkey zombie (D:9)
  3 gnolls
  10 adders
  A white imp (D:7)
  An ufetubus (D:5)
  An adder skeleton (D:5)
  2 worms
  A dart slug (D:2)
  39 orcs
  4 endoplasms
  6 giant cockroaches
  10 goblins
  13 hobgoblins
  6 jackals
  3 kobolds
  2 quokkas
  9 ball pythons
  A bat (D:3)
  2 frilled lizards
  6 rats
562 creatures vanquished.

Vanquished Creatures (collateral kills)
  A hydra (Lair:2)
  A centaur warrior (D:14)
  A catoblepas (Lair:6)
  A death yak (Lair:6)
  An orc high priest (Orc:2)
  An obsidian statue (Gauntlet)
  2 orc knights (Orc:2)
  An ugly thing (D:12)
  2 rime drakes
  3 cane toads
  A freezing wraith (D:13)
  3 komodo dragons
  A troll (Orc:1)
  A polar bear (Lair:5)
  2 slime creatures
  3 dream sheep
  8 yaks
  A fire elemental (Gauntlet)
  A vampire mosquito (D:10)
  Edmund (D:4)
  5 water moccasins
  3 orc warriors (Orc:2)
  An ogre (Orc:1)
  A centaur (D:10)
  A kobold brigand (D:6)
  3 bullfrogs (Lair:1)
  A water moccasin skeleton (D:4)
  2 killer bees (D:10)
  2 wights (D:7)
  3 orc priests
  A centaur zombie (D:7)
  A bullfrog skeleton (D:6)
  A centaur skeleton (D:6)
  An orc wizard (D:3)
  3 hell rats (Lair:6)
  3 gnolls (D:4)
  4 orcs
  A ball python (D:4)
73 creatures vanquished.

Vanquished Creatures (others)
  A yak (D:10)
  An acid dragon (D:14)
  19 hexers
  An orc (Orc:2)
  A rat (D:1)
  2 bushes (Lair:6)
  119 fulminant prisms
  46 fungi
  38 plants
  4 toadstools (D:1)
  11 withered plants
243 creatures vanquished.

Grand Total: 878 creatures vanquished

Notes
Turn   | Place    | Note
-------+----------+-------------------------------------------
     0 | D:1      | Glokmah the Barachi Conjurer began the quest for the Orb.
     0 | D:1      | Reached XP level 1. HP: 13/13 MP: 3/3
   155 | D:1      | Reached XP level 2. HP: 20/20 MP: 3/5
   459 | D:1      | Learned a level 2 spell: Searing Ray
   492 | D:1      | Reached skill level 1 in Fighting
  1054 | D:1      | Reached XP level 3. HP: 26/26 MP: 3/6
  1112 | D:1      | Reached skill level 5 in Conjurations
  1635 | D:2      | Found a faded altar of an unknown god.
  1644 | D:2      | Became a worshipper of Hepliaklqana the Forgotten
  1644 | D:2      | Reached * piety under Hepliaklqana
  1741 | D:2      | Reached XP level 4. HP: 29/29 MP: 2/8
  2638 | D:3      | Reached XP level 5. HP: 35/35 MP: 1/9
  2952 | D:3      | Reached ** piety under Hepliaklqana
  2953 | D:3      | Remembered your ancestor Anedjib as a hexer
  3022 | D:3      | Learned a level 4 spell: Fulminant Prism
  3287 | D:3      | Found a glowing golden altar of the Shining One.
  3431 | D:4      | Reached skill level 1 in Hexes
  3555 | D:4      | Reached XP level 6. HP: 42/42 MP: 9/11
  3608 | D:4      | Identified the +4 chain mail "Waunauve" {Harm +Blink Fly
                  | Str+6}
  3670 | D:4      | Found the +5 scythe "Finisher" {speed, eviscerate}
  3804 | D:4      | Found a shimmering altar of Xom.
  3804 | D:4      | Found a shimmering altar of Xom.
  3804 | D:4      | Found a shimmering altar of Xom.
  3804 | D:4      | Found a shimmering altar of Xom.
  3805 | D:4      | Found a shimmering altar of Xom.
  4113 | D:4      | Noticed Sigmund
  4118 | D:4      | Killed Sigmund
  4119 | D:4      | Reached XP level 7. HP: 47/47 MP: 6/12
  4211 | D:4      | Noticed Edmund
  4215 | D:4      | Killed Edmund
  4344 | D:5      | Entered Level 5 of the Dungeon
  4363 | D:5      | Identified the +6 leather armour of the Ancient Tables
                  | {rElec rF+ Int+3}
  4606 | D:5      | Found a staircase to the Ecumenical Temple.
  5005 | D:5      | Reached XP level 8. HP: 54/54 MP: 7/14
  5205 | D:5      | Reached *** piety under Hepliaklqana
  5370 | D:6      | Reached skill level 5 in Fighting
  5370 | D:6      | Reached skill level 5 in Hexes
  5746 | D:6      | Reached skill level 5 in Spellcasting
  5861 | D:6      | Reached skill level 1 in Polearms
  5861 | D:6      | Reached XP level 9. HP: 57/61 MP: 10/16
  6260 | D:7      | Reached skill level 2 in Polearms
  6588 | D:7      | Reached skill level 3 in Polearms
  6757 | D:7      | Reached skill level 4 in Polearms
  7030 | D:7      | HP: 3/63 [acid (6)]
  7031 | D:7      | Reached XP level 10. HP: 3/69 MP: 3/19
  7033 | D:7      | Reached skill level 10 in Conjurations
  7041 | D:7      | Reached skill level 5 in Polearms
  7261 | D:7      | Found a sparkling altar of Nemelex Xobeh.
  7726 | D:7      | Learned a level 4 spell: Iskenderun's Mystic Blast
  7845 | D:8      | Reached skill level 6 in Polearms
  7859 | D:8      | Noticed Psyche
  7945 | D:8      | Killed Psyche
  8130 | D:8      | Found a staircase to the Lair.
  8203 | D:8      | Reached skill level 7 in Polearms
  8207 | D:8      | Learned a level 3 spell: Dazzling Flash
  8382 | D:8      | Reached **** piety under Hepliaklqana
  8634 | D:8      | Noticed Pikel
  8639 | D:8      | Killed Pikel
  8640 | D:8      | Reached skill level 1 in Translocations
  9208 | D:8      | Noticed a boulder beetle
  9232 | D:8      | Killed a boulder beetle
  9233 | D:8      | Reached skill level 8 in Polearms
  9233 | D:8      | Reached XP level 11. HP: 78/78 MP: 1/22
  9550 | D:9      | Noticed Harold
  9561 | D:9      | Killed Harold
  9571 | D:9      | Noticed a centaur warrior
  9639 | D:9      | Killed a centaur warrior
 10164 | D:9      | Reached skill level 9 in Polearms
 10348 | D:10     | Entered Level 10 of the Dungeon
 10421 | Lair:1   | Entered Level 1 of the Lair of Beasts
 10499 | Lair:1   | Noticed an eight-headed hydra
 10504 | Lair:1   | Killed an eight-headed hydra
 10604 | Lair:1   | Identified 2 scrolls of acquirement
 10604 | Lair:1   | Acquired the amulet "Ceshiegu" {RegenMP *Slow rC+++ Int+5
                  | SInv}
 10617 | Lair:1   | Acquired a +2 hat of stealth
 10641 | Lair:1   | Reached skill level 5 in Translocations
 10670 | Lair:1   | Reached skill level 10 in Fighting
 10677 | Lair:1   | Reached skill level 10 in Polearms
 10677 | Lair:1   | Reached XP level 12. HP: 70/87 MP: 4/24
 10792 | Lair:1   | Noticed Sonja
 10806 | Lair:1   | Killed Sonja
 11365 | Lair:1   | Reached skill level 11 in Polearms
 11673 | Lair:1   | Reached ***** piety under Hepliaklqana
 11773 | Lair:1   | Reached skill level 1 in Invocations
 12101 | Lair:2   | Reached skill level 1 in Armour
 12328 | Lair:2   | Noticed a five-headed hydra
 12336 | Lair:2   | Killed a five-headed hydra
 12498 | Lair:2   | Noticed a boulder beetle
 12751 | Lair:2   | Noticed a seven-headed hydra
 12761 | Lair:2   | Killed a seven-headed hydra
 12762 | Lair:2   | Gained mutation: You can hop long distances. [Barachi
                  | growth]
 12762 | Lair:2   | Reached XP level 13. HP: 49/95 MP: 26/26
 14138 | Lair:3   | Found a staircase to the Swamp.
 14582 | Lair:4   | Found a gate leading to a gauntlet.
 14592 | Gauntlet | Entered a Gauntlet
 14592 | Gauntlet | Found a transporter.
 14592 | Gauntlet | Noticed an entropy weaver
 14600 | Gauntlet | Found a transporter.
 14602 | Gauntlet | Found a transporter.
 14603 | Gauntlet | Found a transporter.
 14605 | Gauntlet | Found a transporter.
 14606 | Gauntlet | Found a transporter.
 14610 | Gauntlet | Found a runed translucent door.
 14612 | Gauntlet | Found a runed translucent door.
 14614 | Gauntlet | Found the amulet of Vitality {Regen+ HP+15}
 14614 | Gauntlet | Found a transporter.
 14615 | Gauntlet | Found a transporter.
 14631 | Gauntlet | Noticed a blizzard demon
 14635 | Gauntlet | Found a transporter.
 14652 | Gauntlet | Found a transporter.
 14656 | Gauntlet | Found a transporter.
 14664 | Gauntlet | Found a transporter.
 14976 | Gauntlet | Identified the +0 helmet of Taot {rPois rC+}
 15009 | Gauntlet | Reached skill level 12 in Polearms
 15009 | Gauntlet | Reached skill level 10 in Spellcasting
 15011 | Gauntlet | Identified the +0 cloak "Vopt" {rPois rN+ Str+4}
 15024 | Gauntlet | Identified the +5 longbow of Wuofonya {venom, rPois MP-9
                  | Dex+6}
 15066 | Gauntlet | Identified the ring of Edeu {rF+ EV+4 Str+3}
 15066 | Gauntlet | Noticed a minotaur
 15080 | Gauntlet | Killed a minotaur
 15573 | Lair:4   | Found a runed translucent gate.
 15573 | Lair:4   | Found a runed translucent gate.
 15573 | Lair:4   | Found a runed translucent gate.
 15692 | Lair:4   | Found a staircase to the Snake Pit.
 15703 | Lair:4   | Reached skill level 5 in Invocations
 16281 | Lair:4   | Noticed Waosu's ghost (journeyman DsVM)
 16661 | Lair:5   | Found a viscous altar of Jiyva.
 16661 | Lair:5   | Found a staircase to the Slime Pits.
 17163 | Lair:5   | Learned a level 5 spell: Iskenderun's Battlesphere
 17171 | Lair:5   | Learned a level 7 spell: Orb of Destruction
 17407 | Lair:6   | Entered Level 6 of the Lair of Beasts
 17530 | Lair:6   | Reached XP level 14. HP: 103/103 MP: 27/28
 17885 | Lair:6   | Reached skill level 13 in Polearms
 18128 | Lair:4   | Killed Waosu's ghost
 18594 | Lair:6   | Learned a level 7 spell: Spellforged Servitor
 18643 | Lair:6   | Found a shimmering altar of Xom.
 18655 | Lair:6   | Reached skill level 1 in Summonings
 19254 | Lair:6   | Reached ****** piety under Hepliaklqana
 19835 | Lair:6   | Reached XP level 15. HP: 109/109 MP: 26/29
 20012 | Lair:6   | Reached skill level 14 in Polearms
 20428 | D:10     | Reached skill level 5 in Summonings
 20496 | D:10     | Found a glowing silver altar of Zin.
 20542 | D:10     | Found Efaloacw's Armour Emporium.
 20699 | D:10     | Identified the +3 short sword "Eguhuqo" {venom, rF+++ rC-
                  | Str+4}
 20738 | D:10     | Found Lejoig's Assorted Antiques.
 21622 | D:11     | Found Ytay's Book Shoppe.
 22187 | D:11     | Found a staircase to the Orcish Mines.
 22385 | Orc:1    | Entered Level 1 of the Orcish Mines
 22493 | Orc:2    | Entered Level 2 of the Orcish Mines
 22574 | Orc:2    | Found Irufitor's Book Shoppe.
 23141 | Orc:1    | Found Xoyh's Magic Scroll Boutique.
 23222 | Orc:2    | Found Tiz Pacw's Assorted Antiques.
 23827 | Orc:2    | Noticed Azrael
 23840 | Orc:2    | Killed Azrael
 23865 | Orc:2    | Found Taduguon's Assorted Antiques.
 23865 | Orc:2    | Found Ziyloroz's Book Shoppe.
 23865 | Orc:2    | Found Fewinuur's Magic Scroll Shoppe.
 23865 | Orc:2    | Found Olamem's Distillery.
 24249 | Orc:2    | Found a staircase to the Elven Halls.
 24597 | Orc:2    | Bought a scroll of teleportation for 42 gold pieces
 24597 | Orc:2    | Bought a scroll of teleportation for 42 gold pieces
 24598 | Orc:2    | Bought a pair of glowing gloves for 195 gold pieces
 24675 | Orc:2    | Bought a potion of heal wounds for 75 gold pieces
 24675 | Orc:2    | Bought a potion of curing for 45 gold pieces
 24845 | Orc:2    | Upgraded the game from 0.27-a0-1196-g3e9cee4cb2 to
                  | 0.27-a0-1200-g94dc6ad4cf
 24971 | D:12     | Noticed Nessos
 24979 | D:12     | Killed Nessos
 26169 | D:13     | Learned a level 1 spell: Apportation
 26371 | D:13     | Found a gate to the Vaults.
 26576 | D:13     | Reached XP level 16. HP: 60/117 MP: 28/30
 26887 | D:14     | HP: 5/117 [centaur warrior/arrow (12)]
 26897 | D:14     | HP: 2/118 [centaur warrior/arrow (13)]
 26897 | D:14     | Mangled by a skeletal warrior

Illustrated notes

Levels and vault maps discovered:
D:1:      ldierk_water_garden, layout_loops_ring, lemuel_old_faithful
D:2:      layout_rooms, shapermc_ecumenical_altar_totnotflames
D:3:      layout_basic, nicolae_tso_carved_into_rock
D:4:      layout_basic, xom_redecorated, moated_statue, minmay_misc_feat_alley,
          sigmund_edmund_badplayer
D:5:      layout_basic, minmay_temple_entry_junction_2
D:6:      layout_cave_pools, uniq_sigmund
D:7:      cheibrodos_barr_body, layout_loops_ring, lemuel_doored_altar,
          serial_undead, serial_undead_a, serial_undead_d, serial_undead_d,
          serial_undead_c, minmay_misc_feat_hallway
D:8:      layout_rooms, dpeg_oklobed_lair, serial_co_window_serial,
          co_window_of_opportunity_a, co_window_cross_1, co_window_paths_b,
          co_window_of_opportunity_a, co_window_corner_a, co_window_paths_a,
          co_window_of_opportunity_c, co_window_broadway_c,
          co_window_unsneaky_path_c, co_window_of_opportunity_b,
          co_window_2corner, co_window_broadway_c, co_window_corner_ca,
          kennysheep_generic_room_7, uniq_pikel, uniq_psyche
D:9:      layout_loops_cross, uniq_harold
D:10:     layout_loops_cross, lemuel_tele_altar, serial_shops,
          kennysheep_mini_moat, nicolae_shop_stone
D:11:     layout_loops_ring, orc_0_dummy, serial_shops, shop_coins,
          bh_circular_ruins
D:12:     layout_basic, uniq_nessos
D:13:     layout_big_octagon, david_vaults_1, nrook_pool_corridor,
          minmay_misc_feat_diagonals
D:14:     layout_cave_pools, lightli_bailey_entry_fortress,
          hangedman_abyss_or_decor_passed, nrook_campfire
Lair:1:   layout_cave_pods, chequers_serial_rivers_small_3,
          chequers_serial_rivers_marsh, serial_bayou_crossing, uniq_sonja
Lair:2:   layout_concentric_octagons
Lair:3:   layout_regular_city, minmay_swamp_entry_worms,
          infiniplex_staircase_pool_2
Lair:4:   layout_cave_pods, minmay_snake_entry_spellcaster,
          gauntlet_entry_generic, gammafunk_ghost_hydra_chop
Lair:5:   layout_concentric_octagons, slime_altar_1, lemuel_fruit_tree
Lair:6:   evilmike_catoblepas_cave, layout_hall_layers, basic_altar,
          special_room [special_room_mythical_zoo], st_stairs_10
Orc:1:    layout_caves, serial_shops, shop
Orc:2:    st_orc_pillars, layout_caves, serial_shops,
          nicolae_shop_temple_entry_statues_fountains, nicolae_shop_stone,
          basic_altar, uniq_azrael

Skill      XL: |  1  2  3  4  5  6  7  8  9 10 11 12 13 14 15 |
---------------+----------------------------------------------+-----
Fighting       | 1 2 3 4 5 6 8 10 11 12 13 | 13.6
Conjurations   | 5 6 7 8 9 10 12 13 | 13.9
Spellcasting   | 3 4 5 6 7 8 9 10 | 10.5
Hexes          | 1 3 4 6 7 |  7.1
Polearms       | 1 4 8 10 11 12 13 14 | 14.1
Translocations | 2 5 6 |  6.2
Invocations    | 3 6 7 |  7.0
Armour         | 2 4 |  4.0
Dodging        | 3 4 |  4.0
Summonings     | 4 8 |  8.6
Stealth        | |  1.7

Action                   |  1- 3 |  4- 6 |  7- 9 | 10-12 | 13-15 | 16-18 || total
-------------------------+-------+-------+-------+-------+-------+-------++-------
Melee: Dagger            |    38 |    12 |       |       |       |       ||    50
       Scythe            |       |     6 |    36 |    67 |   141 |       ||   250
       Staff             |       |       |       |       |     2 |       ||     2
 Cast: Magic Dart        |    52 |    64 |    94 |    88 |   280 |     7 ||   585
       Searing Ray       |     8 |    11 |    23 |    64 |   142 |     2 ||   250
       Fulminant Prism   |       |       |     5 |    36 |    75 |     3 ||   119
       Iskenderun's Myst |       |       |       |    14 |    22 |     2 ||    38
       Dazzling Flash    |       |       |       |     2 |     1 |     2 ||     5
       Iskenderun's Batt |       |       |       |       |    61 |     2 ||    63
       Spellforged Servi |       |       |       |       |       |     1 ||     1
Invok: Recall Ancestor   |     1 |       |       |     2 |     1 |       ||     4
       Ancestor Identity |     1 |       |       |       |       |       ||     1
       Ancestor Life: He |       |     1 |       |       |       |       ||     1
 Abil: Hop               |     1 |       |     1 |       |     1 |     1 ||     4
  Use: Scroll            |     1 |     5 |     5 |    10 |    15 |     1 ||    37
       Potion            |       |       |       |     1 |     1 |     2 ||     4
 Stab: Sleeping          |       |       |     2 |     1 |     2 |       ||     5
       Distracted        |       |       |     1 |       |     1 |       ||     2
       Paralysed         |       |       |       |       |     5 |       ||     5
       Confused          |       |       |       |       |     2 |       ||     2
Armor: Robe              |    12 |     6 |       |       |       |       ||    18
       Leather armour    |       |       |    24 |    46 |   123 |     7 ||   200
Dodge: Dodged            |    31 |    15 |    19 |    47 |   244 |    20 ||   376

Table legend: (Time is in decaauts)
 A = Elapsed time spent in this place.
 B = Non-inter-level travel time spent in this place.
 C = Inter-level travel time spent in this place.
 D = Time resting spent in this place.
 E = Time spent auto-exploring this place.
 F = Levels seen in this place.
 G = Mean time per level.
                   A        B        C        D        E       F      G
               +--------+--------+--------+--------+--------+-----+--------+
         Total |  29840 |  27958 |   1882 |   6022 |  16808 |  23 | 1297.4 |
       Dungeon |  16259 |  15126 |   1133 |   2023 |  10614 |  14 | 1161.4 |
          Lair |   9966 |   9319 |    647 |   2514 |   5279 |   6 | 1661.0 |
  Orcish Mines |   2713 |   2612 |    101 |   1068 |    726 |   2 | 1356.5 |
      Gauntlet |    902 |    902 |      0 |    417 |    188 |   1 |  902.0 |
               +--------+--------+--------+--------+--------+-----+--------+

Top non-repeatable levels by time:
  Lair:6: 2404 daAuts
  Lair:1: 2107 daAuts
     D:8: 1952 daAuts
     D:7: 1865 daAuts
  Lair:4: 1714 daAuts
   Orc:2: 1576 daAuts
     D:1: 1537 daAuts
  Lair:2: 1502 daAuts
    D:11: 1460 daAuts
    D:12: 1327 daAuts
  Lair:5: 1223 daAuts
     D:3: 1219 daAuts
     D:5: 1164 daAuts
   Orc:1: 1136 daAuts
     D:2: 1052 daAuts
